 Dungeon Crawl Stone Soup version 0.25.1-2-g60ff931df9 (webtiles) character file.

Game seed: 4413050683743955218

1607 lorenzova the Ducker (level 8, -3/75 HPs)
             Began as a Deep Dwarf Hunter on Sept 23, 2020.
             Splashed by a jelly's acid (6 damage)
             ... on level 6 of the Dungeon on Sept 24, 2020.
             The game lasted 00:16:53 (4984 turns).

lorenzova the Ducker (Deep Dwarf Hunter)            Turns: 4984, Time: 00:16:55

Health: -3/75      AC: 14    Str: 18    XL:     8   Next: 63%
Magic:  6/6        EV:  8    Int: 12    God:
Gold:   116        SH:  0    Dex: 13    Spells: 7/7 levels left

rFire    . . .     SeeInvis .   i - +2 flail (protect)
rCold    + . .     Gourm    .   (no shield)
rNeg     . . .     Faith    .   v - +0 plate armour
rPois    .         Spirit   .   (no helmet)
rElec    .         Reflect  .   y - +0 cloak
rCorr    .         Harm     .   (no gloves)
MR       +....                  m - +0 pair of boots
Stlth    ..........             (no amulet)
HPRegen  0.00/turn              k - ring of protection from fire
MPRegen  0.10/turn              w - ring of ice

@: corroded, protection aura, non-regenerating
A: damage resistance, heal wounds, sense surroundings 1, no regeneration
a: Heal Wounds


You were on level 6 of the Dungeon.
You were not hungry.

You visited 1 branch of the dungeon, and saw 6 of its levels.

You collected 116 gold pieces.

Inventory:

Hand Weapons
 a - a +1 hand crossbow
 i - a +2 flail of protection (weapon)
 t - a cursed +3 hand axe
Missiles
 d - 38 bolts
Armour
 m - a +0 pair of boots (worn)
 v - a +0 plate armour (worn)
 y - a +0 cloak (worn)
 E - a +3 ring mail
Jewellery
 g - an uncursed ring of fire
 k - a ring of protection from fire (left hand)
 n - an uncursed ring of magical power
 w - a ring of ice (right hand)
 x - a +6 ring of intelligence
Wands
 b - a wand of disintegration (20)
 A - a wand of flame (20)
Scrolls
 c - 2 scrolls of enchant armour {unknown}
 e - 4 scrolls of teleportation
 j - a scroll of magic mapping {unknown}
 p - 3 scrolls of fear
 q - 4 scrolls of remove curse
 s - a scroll of fog {unknown}
 z - a scroll of noise {unknown}
 B - a scroll of identify
 C - 2 scrolls of blinking {unknown}
Potions
 h - 2 potions of curing {unknown}
 l - a potion of flight {unknown}
 o - 2 potions of heal wounds
 r - 2 potions of lignification {unknown}
 u - 3 potions of brilliance {unknown}
Comestibles
 f - 13 rations
 D - 4 chunks of flesh


   Skills:
 * Level 5.5 Fighting
 + Level 6.3 Crossbows
 * Level 6.1 Armour
 * Level 6.8 Dodging
 - Level 1.2 Stealth


You had 7 spell levels left.
You didn't know any spells.
Your spell library contained the following spells:

 Spells                   Type           Power        Failure   Level  Hunger
 Foxfire                  Conj/Fire      #...         100%        1    ##.....
 Confusing Touch          Hex            #.......     100%        3    ####...
 Gell's Gravitas          Tloc           #.........   100%        3    ####...
 Inner Flame              Hex/Fire       #.......     100%        3    ####...
 Spectral Weapon          Hex/Chrm       #.......     100%        3    ####...
 Petrify                  Tmut/Erth      #.......     100%        4    #####..
 Metabolic Englaciation   Hex/Ice        #.........   100%        5    ######.
 Yara's Violent Unravell  Hex/Tmut       #.........   100%        5    ######.


Dungeon Overview and Level Annotations

Branches:
Dungeon (6/15)
 Temple: D:4-7

Altars:
Fedhas

Shops:
D:6 [

Annotations:
D:5 exclusion: downstairs
D:6 exclusion: oklob plant


Innate Abilities, Weirdness & Mutations

You are resistant to damage.
You can heal yourself by infusing magical energy.
You passively map a small area around you.
You do not regenerate.


Message History

The ooze hits you but does no damage.
You thump the ooze!
You kill the ooze!
Your plate armour prevents you from hitting the jelly.
The jelly hits you but does no damage.
You hit the jelly. The acid corrodes you!
Your hands burn!
The jelly is moderately wounded.
The jelly hits you but does no damage. The jelly barely misses you.
You hit the jelly but do no damage. The acid corrodes you!
Your hands burn!
* * * LOW HITPOINT WARNING * * *
The jelly is moderately wounded.
The jelly hits you but does no damage.
Your plate armour prevents you from hitting the jelly.
The jelly is moderately wounded.
The jelly hits you.
* * * LOW HITPOINT WARNING * * *
You are splashed with acid!
* * * LOW HITPOINT WARNING * * *
The jelly hits you.
You are splashed with acid!
You die...

#...##....##..####...##.....
, .......##....## #...# ,...
, ......####...### #...# ,,
, ...............###†#.# , ,
...............#.+∩+(# , ,
........####.J...#)#.## * *
.....##..# #.###.[....# **
.......#.#*#'# #J##...#
.........#*JJP #@##...#
.........##PJ.##.##...#
.........#JJPJJ#.##...####
.........#P.PJJ#.##.#....#
.........#JJJJJ#.[..###..#
.........##PJJ##...####..###
.>.......# , #...##......#
.......#.#######....#......#
#####..#...................#


You could see a jelly.

Vanquished Creatures
  Duvessa (D:6)
  An ice beast (D:5)
  3 ogres (D:6)
  A centaur (D:6)
  A bullfrog (D:6)
  A wyvern skeleton (D:6)
  Dowan (D:6)
  A scorpion (D:6)
  3 wights (D:6)
  A howler monkey (D:4)
  2 crimson imps
  2 jellies (D:6)
  Crazy Yiuf (D:3)
  A hound (D:5)
  3 orc wizards
  3 iguanas
  4 worker ants
  A worker ant zombie (D:6)
  7 adders
  A howler monkey skeleton (D:5)
  A shadow imp (D:6)
  9 oozes
  An adder skeleton (D:4)
  3 worms
  A dart slug (D:4)
  6 leopard geckos
  19 orcs
  3 giant cockroaches
  9 goblins
  3 hobgoblins
  14 jackals
  3 quokkas (D:3)
  A ball python (D:2)
  11 bats
  4 frilled lizards
  3 kobolds
  6 rats
  A fungus (D:3)
137 creatures vanquished.

Vanquished Creatures (others)
  6 fungi (D:6)
6 creatures vanquished.

Grand Total: 143 creatures vanquished

Notes
Turn   | Place    | Note
-------+----------+-------------------------------------------
     0 | D:1      | lorenzova the Deep Dwarf Hunter began the quest for the
                  | Orb.
     0 | D:1      | Reached XP level 1. HP: 19/19 MP: 1/1
   174 | D:1      | Reached XP level 2. HP: 20/26 MP: 2/2
   202 | D:1      | Reached skill level 1 in Armour
   712 | D:1      | Reached XP level 3. HP: 5/32 MP: 3/3
  1185 | D:2      | Reached XP level 4. HP: 40/40 MP: 4/4
  2359 | D:3      | Found a runed translucent door.
  2360 | D:3      | Noticed Crazy Yiuf
  2377 | D:3      | Killed Crazy Yiuf
  2522 | D:4      | Reached XP level 5. HP: 43/49 MP: 5/5
  2603 | D:4      | Reached skill level 5 in Crossbows
  2746 | D:4      | Reached XP level 6. HP: 36/56 MP: 6/6
  3349 | D:5      | Entered Level 5 of the Dungeon
  3362 | D:5      | Noticed an ice beast
  3606 | D:5      | Identified the Collected Works on Lucky Fire
  3943 | D:5      | Killed an ice beast
  3943 | D:5      | Reached skill level 5 in Dodging
  3943 | D:5      | Reached XP level 7. HP: 26/64 MP: 7/7
  4114 | D:6      | Found a blossoming altar of Fedhas.
  4221 | D:6      | Noticed Dowan
  4221 | D:6      | Noticed Duvessa
  4374 | D:6      | Reached skill level 5 in Armour
  4374 | D:6      | Reached XP level 8. HP: 47/73 MP: 6/6
  4725 | D:6      | Reached skill level 5 in Fighting
  4792 | D:6      | Found Ceulug's Antique Armour Emporium.
  4840 | D:6      | Killed Duvessa
  4851 | D:6      | Killed Dowan
  4935 | D:6      | Noticed an oklob plant
  4984 | D:6      | HP: 3/75 [acid (9)]
  4984 | D:6      | Splashed by a jelly's acid

Illustrated notes

Levels and vault maps discovered:
D:1:      dpeg_arrival_boxes_within_box, layout_basic
D:2:      layout_basic, first_ration, minmay_pentomino_t2
D:3:      layout_basic, fountainhead, uniq_crazy_yiuf_cottage
D:4:      layout_cave_pools
D:5:      layout_loops_cross, kennysheep_decorative_pillar,
          kennysheep_generic_room_15
D:6:      lemuel_slime, layout_rooms, fedhas_ov_isle_minmay, serial_shops,
          kennysheep_mini, minmay_misc_feat_diagonals, uniq_duvessa

Skill      XL: |  1  2  3  4  5  6  7  8 |
---------------+-------------------------+-----
Fighting       | 2 3 4 5 |  5.5
Armour         | 1 2 3 4 5 6 |  6.1
Dodging        | 3 4 5 6 |  6.8
Crossbows      | 5 6 |  6.3
Stealth        | |  1.2

Action                   |  1- 3 |  4- 6 |  7- 9 || total
-------------------------+-------+-------+-------++-------
Melee: Falchion          |       |   131 |    26 ||   157
       Flail             |       |       |    96 ||    96
 Fire: Hand crossbow     |    77 |   122 |    67 ||   266
 Abil: Heal Wounds       |     1 |       |     4 ||     5
  Use: Scroll            |       |     7 |       ||     7
  Eat: Chunk             |     1 |     9 |     3 ||    13
Armor: Leather armour    |     7 |       |       ||     7
       Plate armour      |       |   175 |   127 ||   302
       Ring mail         |       |     2 |       ||     2
Dodge: Dodged            |    22 |   114 |    71 ||   207
       Rpst.: Falchion   |       |    28 |     3 ||    31
